 Dungeon Crawl Stone Soup version 0.21-a0-401-g0b6bec4 (webtiles) character file.

102 Ijustatesigmund the Ducker (level 4, -4/22 HPs)
             Began as a Spriggan Warper on Oct 25, 2017.
             Was an Initiate of Ashenzari.
             Slain by a river rat (6 damage)
             ... in a sewer.
             The game lasted 00:09:45 (3617 turns).

Ijustatesigmund the Ducker (Spriggan Warper)        Turns: 3617, Time: 00:09:46

Health: -4/22      AC:  3    Str:  7    XL:     4   Next: 50%
Magic:  9/9        EV: 20    Int: 15    God:    Ashenzari [......]
Gold:   127        SH:  0    Dex: 15    Spells: 6/8 levels left

rFire    . . .     SeeInvis +   m - +0 dagger (curse)
rCold    . . .     Gourm    .   (shield restricted)
rNeg     . . .     Faith    .   b - +1 robe
rPois    .         Spirit   .   (helmet restricted)
rElec    +         Reflect  .   (no cloak)
rCorr    .         Harm     .   (gloves unavailable)
MR       .....                  (boots unavailable)
Stlth    +.........             (no amulet)
HPRegen  0.07/turn              k - ring of loudness (curse)
MPRegen  0.11/turn              (no ring)

@: lethally poisoned (-4 -> -8), very quick
A: unfitting armour, hooves 1, see invisible, herbivore 3, speed 3, electricity
resistance, slow metabolism 2, evolution 1
a: Curse Item, Renounce Religion


You were in a sewer.
You worshipped Ashenzari.
Ashenzari was noncommittal.
You were not hungry.

You visited 1 branch of the dungeon, and saw 3 of its levels.
You also visited: Sewer.

You collected 127 gold pieces.

Inventory:

Hand Weapons
 a - a +0 short sword
 m - a cursed +0 dagger (weapon)
 q - a cursed -1 whip
Missiles
 e - 5 tomahawks of dispersal (quivered)
Armour
 b - a +1 robe (worn)
Jewellery
 k - a cursed ring of loudness (left hand)
Scrolls
 d - a scroll of blinking
 h - a scroll of identify
 n - a scroll of enchant armour
Potions
 g - a potion of haste {unknown}
 i - a potion of resistance
 p - a potion of agility
Books
 c - a book of Spatial Translocations

   Spells                             Type                      Level
   a - Blink                          Translocation                2
   b - Shroud of Golubria             Charms/Translocation         2
   c - Lesser Beckoning               Translocation                3
   d - Gell's Gravitas                Translocation                3
   e - Teleport Other                 Translocation                3
   f - Passage of Golubria            Translocation                4
Comestibles
 f - 3 bread rations
 j - 4 fruits


   Skills:
 - Level 1.5 Fighting
 + Level 4.0 Short Blades
 - Level 1.0 Throwing
 - Level 4.6 Dodging
 + Level 3.2 Stealth
 - Level 2.6 Spellcasting
 - Level 4.4 Translocations


You had 6 spell levels left.
You knew the following spells:

 Your Spells              Type           Power        Failure   Level  Hunger
a - Blink                 Tloc           N/A          4%          2    ##.....


Dungeon Overview and Level Annotations

Branches:
Dungeon (3/15)

Altars:
Ashenzari
Makhleb
Nemelex Xobeh
Xom

Annotations:
D:3 Grinder


Innate Abilities, Weirdness & Mutations

You are very small and have problems with some larger weapons.
You are too small for most types of armour.
You have supernaturally acute eyesight. (SInv)
You are a herbivore.
You cover ground extremely quickly.
You need consume almost no food.
You have large cloven feet.
You are resistant to electric shocks. (rElec)
You evolve.


Message History

The adder is moderately wounded.
The adder completely misses you. The river rat misses you.
You miss the adder. Your kick misses the adder.
The adder is moderately wounded.
You feel sick. The adder misses you.
The river rat bites you but does no damage.
The river rat bites you.
You hit the adder but do no damage. Your kick misses the adder.
The adder is moderately wounded.
The adder bites you but does no damage. The river rat misses you.
You hit the adder but do no damage. Your kick misses the adder.
The adder is moderately wounded.
The river rat barely misses you. The adder closely misses you.
The river rat bites you!
* * * LOW HITPOINT WARNING * * *
You barely miss the adder. You kick the adder.
The adder is heavily wounded.
The adder misses you. The river rat closely misses you.
The river rat bites you.
You die...

########################≈
.≈≈...≈.≈≈≈≈≈≈≈≈rr.≈...≈≈
..≈..≈.≈≈≈≈≈..≈.@Srr≈...≈
#########################


You could see an adder, 2 river rats and 2 rats.

Vanquished Creatures
  2 adders
  3 oozes
  A worm (D:2)
  2 dart slugs
  5 leopard geckos
  10 goblins
  4 hobgoblins
  2 quokkas
  3 ball pythons
  6 bats
  2 frilled lizards (D:1)
  10 kobolds
  9 rats
59 creatures vanquished.

Notes
Turn   | Place    | Note
-------+----------+-------------------------------------------
     0 | D:1      | Ijustatesigmund the Spriggan Warper began the quest for the Orb.
     0 | D:1      | Reached XP level 1. HP: 10/10 MP: 5/5
   308 | D:1      | Reached XP level 2. HP: 14/14 MP: 6/6
   312 | D:1      | Learned a level 2 spell: Blink
  1309 | D:1      | Found a shimmering altar of Xom.
  1378 | D:1      | Reached XP level 3. HP: 8/18 MP: 8/8
  1656 | D:2      | Reached skill level 1 in Stealth
  1834 | D:2      | Gained mutation: You evolve. [potion of mutation]
  1834 | D:2      | Gained mutation: You are resistant to electric shocks. (rElec) [potion of mutation]
  1968 | D:1      | Gained mutation: You have large cloven feet. [evolution]
  3149 | D:2      | Found a burning altar of Makhleb.
  3173 | D:3      | Found a sparkling altar of Nemelex Xobeh.
  3183 | D:3      | Reached XP level 4. HP: 21/22 MP: 9/9
  3303 | D:3      | Noticed Grinder
  3435 | D:3      | Found a shattered altar of Ashenzari.
  3442 | D:3      | Became a worshipper of Ashenzari the Shackled
  3477 | D:3      | Found a glowing drain.
  3483 | Sewer    | Entered a sewer
  3617 | Sewer    | Slain by a river rat

Vault maps used:
D:1:      scummos_arrival_forest, xom_teletrap_fun
D:2:      makhleb_heckhound_becter
D:3:      nemelex_xobeh_ov_fountains_minmay, chequers_ecumenical_altar_twisty,
          first_bread, gup_sewer_entry_pipe, solitary_fountain,
          evilmike_ruin_ashenzari, uniq_grinder
Sewer:    sewer_co_cracked_pipes

Skill      XL: |  1  2  3  4 |
---------------+-------------+-----
Dodging        | 4 |  4.6
Short Blades   | 3 4 |  4.0
Stealth        | 2 3 |  3.2
Fighting       | |  1.5
Throwing       | |  1.0
Spellcasting   | |  2.6
Translocations | |  4.4

Action                   |  1- 3 |  4- 6 || total
-------------------------+-------+-------++-------
Melee: Short sword       |   123 |       ||   123
       Dagger            |    94 |   110 ||   204
       Kick              |    13 |    15 ||    28
  Use: Scroll            |     8 |     1 ||     9
       Potion            |     2 |     2 ||     4
 Stab: Sleeping          |     2 |       ||     2
  Eat: Royal jelly       |       |     1 ||     1
Armor: Robe              |    20 |    23 ||    43
Dodge: Dodged            |   191 |   187 ||   378

Table legend:
 A = Spawn XP
 B = Non-spawn XP
 C = Spawn XP percentage of total XP
 D = Spawn monster count
 E = Non-spawn monster count
 F = Spawn count percentage of total count
 G = Total turns spent on level
                    A         B        C        D         E        F      G
               +---------+---------+-------+---------+---------+-------+---------
         Total |       0 |     147 |   0.0 |       0 |      59 |   0.0 |  3617
               +---------+---------+-------+---------+---------+-------+---------
           D:1 |       0 |      38 |   0.0 |       0 |      21 |   0.0 |  1976
           D:2 |       0 |      69 |   0.0 |       0 |      24 |   0.0 |  1248
           D:3 |       0 |      25 |   0.0 |       0 |      12 |   0.0 |   259
         Sewer |       0 |      15 |   0.0 |       0 |       2 |   0.0 |   134
               +---------+---------+-------+---------+---------+-------+---------
